 Dungeon Crawl Stone Soup version 0.31.0-12-g77e489cdc1 (webtiles) character file.

Game seed: 14321619150451814799

100524 erfael the Warrior (level 15, -6/149 HPs)
             Began as a Minotaur Berserker on Feb 26, 2024.
             Was the Champion of Trog.
             Killed from afar by Nikola (76 damage)
             ... with an arc of chain lightning
             ... on level 2 of the Shoals on Mar 1, 2024.
             The game lasted 01:52:23 (18404 turns).

erfael the Warrior (Minotaur Berserker)            Turns: 18404, Time: 01:52:23

Health: -6/149     AC: 36    Str: 32    XL:     15   Next: 52%
Magic:  14/14      EV:  9    Int:  7    God:    Trog [******]
Gold:   2687       SH: 18    Dex: 10    Spells: 14/14 levels left

rFire   + . .        C - +2 war axe (elec)
rCold   . . .        F - +0 kite shield
rNeg    . . .        x - +1 plate armour "Elaodoarph" {rF+ Str+3}
rPois   +            (helmet restricted)
rElec   .            l - +1 cloak {Will+}
rCorr   .            q - +1 pair of gloves
SInv    .            W - +2 pair of boots {rampage}
Will    ++++.        y - amulet of Xom's Whimsicality {Reflect ^Contam rPois Regen+ Int+3 SH+5} Stlth
                     i - +4 ring of protection
HPRegen 2.24/turn    I - +4 ring of protection
MPRegen 0.14/turn

%: reflection, rampage
@: strong-willed, on berserk cooldown, regenerating, slowed, very slow
A: horns 2, retaliatory headbutt
a: Renounce Religion, Berserk, Trog's Hand, Brothers in Arms


You were on level 2 of the Shoals.
You worshipped Trog.
Trog was exalted by your worship.
You visited 5 branches of the dungeon, and saw 22 of its levels.
You also visited: Volcano.

You collected 2687 gold pieces.

Inventory:

Hand Weapons
 C - a +2 war axe of electrocution (weapon)
 E - a +4 battleaxe
 J - the +9 hand axe of Cunigua {drain, Will+ Int+2}
   (You found it on level 9 of the Dungeon)

   Int+2:     It affects your intelligence (+2).
   Will+:     It increases your willpower.
 S - a +0 war axe of flaming
 U - a +1 battleaxe of flaming
Missiles
 f - 166 stones (quivered)
 M - 12 poisoned darts
Armour
 l - a +1 cloak of willpower (worn)
 q - a +1 pair of gloves (worn)
 x - the +1 plate armour "Elaodoarph" (worn) {rF+ Str+3}
   (You found it on level 4 of the Dungeon)

   Str+3:     It affects your strength (+3).
   rF+:       It protects you from fire.
 F - a +0 kite shield (worn)
 T - a +0 crystal plate armour
 W - a +2 pair of boots of rampaging (worn)
Jewellery
 a - a ring of poison resistance
 c - a +4 ring of slaying
 g - a ring of fire
 i - a +4 ring of protection (left hand)
 n - a ring of see invisible
 u - a +6 ring of dexterity
 y - the amulet of Xom's Whimsicality (around neck) {Reflect ^Contam rPois Regen+ Int+3 SH+5}
   (You acquired it on level 11 of the Dungeon)

   [amulet of reflection]

   Reflect:   It reflects blocked missile attacks.
   Int+3:     It affects your intelligence (+3).
   rPois:     It protects you from poison ^Contam: It causes magical
   contamination when unequipped.
   Regen+:    It increases your rate of health regeneration.
   SH+5:      It affects your SH (+5).
 I - a +4 ring of protection (right hand)
 R - a ring of willpower
 V - a ring of flight
 Y - the ring of Past Mistakes {rPois rC++ Dex-5 Slay+3}
   (You found it on level 5 of the Lair of Beasts)

   [ring of poison resistance]

   Dex-5:     It affects your dexterity (-5).
   Slay+3:    It affects your accuracy & damage with ranged weapons and melee
   (+3).
   rC++:      It greatly protects you from cold.
   rPois:     It protects you from poison
Wands
 h - a wand of polymorph (12)
 t - a wand of digging (6)
 z - a wand of charming (52)
 D - a wand of mindburst (4)
 N - a wand of flame (21)
Scrolls
 e - 3 scrolls of silence
 j - 4 scrolls of fear
 k - 3 scrolls of revelation
 o - 3 scrolls of teleportation
 s - 2 scrolls of poison
 v - 3 scrolls of vulnerability
 w - 3 scrolls of enchant armour
 B - 4 scrolls of immolation
 H - a scroll of enchant weapon
 K - 2 scrolls of fog
 L - a scroll of summoning
Potions
 b - 3 potions of mutation
 d - 5 potions of curing
 m - a potion of resistance {unknown}
 p - a potion of degeneration {unknown}
 r - 2 potions of heal wounds
 A - 2 potions of berserk rage
 G - a potion of attraction {unknown}
 Q - 4 potions of haste
 X - a potion of invisibility
Miscellaneous
 O - a phantom mirror
 P - a tin of tremorstones (2/2)


   Skills:
 + Level 18.2 Fighting
 - Level 16.0 Axes
 + Level 17.8 Armour
 - Level 2.1 Dodging
 + Level 15.6 Shields


You had 14 spell levels left.
You didn't know any spells.
Your spell library was empty.

Dungeon Overview and Level Annotations

Branches:
Dungeon (12/15)            Temple (0/1) D:6            Lair (5/5) D:9
 Shoals (2/4) Lair:2       Spider (0/4) Lair:2        Slime (0/5) Lair:4
    Orc (2/2) D:11            Elf (1/3) Orc:2       Volcano (visited)

Altars:
Cheibriados
Elyvilon
Fedhas
Trog
Wu Jian
Jiyva

Shops:
D:9 ?   D:11 [   Orc:1 !   Orc:2 [!?[:

Portals:
Pandemonium: Orc:2

Annotations:
D:9 2 transporters, Hsik's ghost, novice TrCA
D:12 2 runed translucent doors, Erolcha
Shoals:2 Nikola


Innate Abilities, Weirdness & Mutations

You have a pair of horns on your head.
You reflexively headbutt those who attack you in melee.


Message History

You slice Nikola!! Lightning courses through Nikola!
Nikola is lightly wounded.
Nikola closely misses you. You furiously retaliate!
You headbutt Nikola! You closely miss Nikola. You headbutt Nikola!
Nikola is moderately wounded.
You slash Nikola!
Nikola is moderately wounded.
Nikola gestures wildly while chanting.
Nikola blinks!
You feel a strong urge to attack something.
You block Nikola's attack. Nikola completely misses you.
You slash Nikola! You headbutt Nikola!
Nikola is heavily wounded.
You are no longer berserk.
You are exhausted.
You feel yourself slow down.
You barely miss Nikola. You headbutt Nikola!
Nikola is heavily wounded.
You block Nikola's attack.
You slash Nikola!
Nikola is heavily wounded.
Nikola gestures wildly while chanting.
Lightning arcs from Nikola's hands!
The bolt of lightning hits you!!!
A bolt of lightning appears from out of thin air!
The bolt of lightning hits Nikola.
You slice Nikola!!
Nikola is severely wounded.
Nikola hits you with a +2 rapier of electrocution.
You slice Nikola!! Your headbutt misses Nikola.
Nikola is almost dead.
Nikola hits you but does no damage.
You are electrocuted!
Nikola yells, "Danger!
Danger!
High voltage!"
Nikola closely misses you.
You closely miss Nikola. You headbutt Nikola!
Nikola is almost dead.
Nikola casts a spell.
Lightning arcs from Nikola's hands!
The bolt of lightning hits you!!!!
Ouch! That really hurt!
You die...

≈≈≈≈≈≈≈≈≈≈≈≈≈≈≈≈≈≈≈≈≈ ≈≈≈≈≈
≈≈≈≈≈≈≈≈≈≈≈≈≈≈≈≈≈≈≈≈≈≈ ≈≈≈≈≈
≈≈≈≈≈≈≈≈≈≈≈≈≈≈≈≈≈≈≈≈≈≈
≈≈≈≈≈≈≈≈≈≈≈≈≈≈≈≈≈≈≈≈≈≈≈≈≈≈≈≈≈≈≈
≈≈≈≈≈≈≈≈≈≈≈≈≈≈≈≈≈≈~~~~~≈≈≈≈≈≈≈≈
≈≈≈≈≈≈≈≈≈≈≈≈≈≈≈~~~~~~~~~~≈≈≈≈≈≈
≈≈≈≈≈≈≈≈≈≈≈≈≈≈~~~~~~~~~~~~≈≈≈≈≈
~~~~≈≈≈≈≈≈≈≈≈~~~@.......~~≈≈≈≈≈
~~~~~≈≈≈≈≈≈≈≈~..@#..##..~~≈≈≈≈≈
..~~~≈≈≈≈≈≈≈≈~..#######..~≈≈≈≈≈
..~~~~~~≈≈≈≈≈~.## ###†.~≈≈≈≈≈≈≈
##)~~~~~~~~~≈~..#####...~≈≈≈≈≈≈≈≈
#.~~~~~~~~~~~≈~.........~≈≈≈≈≈≈≈≈
~~~~~~~~~.~~~≈≈≈~..~~~~~~≈≈≈≈≈≈≈≈
~~~~~~~~...~~~≈≈≈~~~...~~~~≈≈≈≈≈≈
~~~~...<..~.~~~≈~~......~~~~~≈≈≈≈


You could see Nikola.

Vanquished Creatures
  Jorgrun (Orc:1)
  An orc warlord (Orc:2)
  An ettin (Orc:2)
  Snorg (D:11)
  A fire dragon (Lair:3)
  2 merfolk impalers (Shoals:1)
  Fannar (Lair:1)
  2 hydras
  3 demonspawn (Orc:2)
  A merfolk aquamancer (Shoals:2)
  A merfolk avatar (Shoals:1)
  3 catoblepae (Lair:5)
  A boulder beetle (Lair:2)
  3 two-headed ogres
  11 death yaks (Lair:5)
  7 orc high priests (Orc:2)
  A sun demon (Volcano)
  Sonja (Lair:5)
  A sixfirhy (Orc:2)
  3 skysharks
  3 sea snakes
  A lindwurm (Lair:3)
  Pikel (D:8)
  6 orc knights
  4 harpies (Shoals:2)
  6 orc sorcerers
  3 ugly things (Volcano)
  An oklob plant (Lair:2)
  7 fauns (Shoals:1)
  7 manticores
  10 elephants
  4 merfolk sirens
  2 black mambas
  3 kobold blastminers
  2 water nymphs
  An orange demon (Orc:2)
  A molten gargoyle (Volcano)
  The ghost of RockinRobin the Shield-Bearer, a novice FoFi (D:4)
  3 gargoyles
  10 cane toads
  2 rime drakes
  2 unseen horrors
  9 komodo dragons
  A polar bear (Lair:2)
  A troll (shapeshifter) (D:10)
  6 trolls
  6 merfolk
  A hornet (D:9)
  7 blink frogs
  5 snapping turtles
  4 dream sheep (Lair:3)
  A wind drake (Shoals:1)
  A vampire (D:8)
  A spriggan (D:10)
  A wraith (D:9)
  3 water elementals
  4 wyverns
  A ynoxinul (Orc:2)
  2 fire bats (Volcano)
  55 yaks
  6 basilisks
  6 wargs
  4 steam dragons
  2 vampire mosquitoes (D:10)
  A chaos spawn (Orc:2)
  15 water moccasins
  A hell hound (Volcano)
  45 orc warriors
  A sky beast (D:8)
  4 ice beasts (D:9)
  A black bear (D:6)
  10 ogres
  7 wolves
  10 centaurs
  A lemure (D:8)
  9 bullfrogs
  A gnoll sergeant (D:8)
  6 scorpions
  13 wights
  14 killer bees
  3 electric eels
  7 lava snakes (Volcano)
  2 bombardier beetles
  A hound (D:5)
  2 bullfrog skeletons (D:4)
  A centaur skeleton (D:4)
  A gnoll bouda (D:6)
  23 orc priests
  13 jellies (Lair:4)
  2 sleepcaps (D:6)
  An iguana (D:5)
  20 orc wizards
  11 hell rats
  7 gnolls
  3 adders (D:2)
  2 shadow imps
  13 white imps
  2 ribbon worms
  A dart slug (D:5)
  106 orcs
  6 ball pythons
  7 endoplasms
  7 giant cockroaches
  3 goblins
  7 hobgoblins
  8 jackals
  8 kobolds
  4 quokkas
  5 bats
  2 frilled lizards (D:1)
  5 rats
675 creatures vanquished.

Vanquished Creatures (others)
  A manticore (Shoals:2)
1 creature vanquished.

Grand Total: 676 creatures vanquished

Notes
Turn   | Place    | Note
-------+----------+-------------------------------------------
     0 | D:1      | erfael the Minotaur Berserker began the quest for the Orb.
     0 | D:1      | Reached XP level 1. HP: 19/19 MP: 0/0
   220 | D:1      | Reached XP level 2. HP: 25/26 MP: 1/1
   917 | D:2      | Reached skill level 5 in Axes
   917 | D:2      | Reached XP level 3. HP: 31/31 MP: 2/2
   923 | D:2      | Found a faded altar of an unknown god.
  1029 | D:2      | Reached ** piety under Trog
  1122 | D:2      | Reached XP level 4. HP: 39/39 MP: 3/3
  2196 | D:4      | Reached *** piety under Trog
  2211 | D:4      | Reached XP level 5. HP: 45/45 MP: 4/4
  2422 | D:4      | Identified the +1 plate armour "Elaodoarph" {rF+ Str+3}
  2466 | D:4      | Found a runed translucent gate.
  2467 | D:4      | Found a runed translucent gate.
  2468 | D:4      | Found a runed translucent gate.
  2470 | D:4      | Noticed RockinRobin's ghost (novice FoFi)
  2686 | D:4      | Killed RockinRobin's ghost
  2687 | D:4      | Reached XP level 6. HP: 51/51 MP: 5/5
  2689 | D:4      | Reached XP level 7. HP: 57/57 MP: 6/6
  2776 | D:5      | Entered Level 5 of the Dungeon
  2917 | D:5      | Reached skill level 10 in Axes
  3172 | D:5      | Noticed a wyvern
  3176 | D:5      | Killed a wyvern
  3409 | D:5      | Reached XP level 8. HP: 64/64 MP: 7/7
  3570 | D:6      | Found a staircase to the Ecumenical Temple.
  4426 | D:7      | Reached XP level 9. HP: 71/71 MP: 8/8
  4484 | D:7      | Reached skill level 4 in Fighting
  4488 | D:7      | Reached **** piety under Trog
  4961 | D:7      | Reached skill level 5 in Fighting
  5301 | D:8      | Reached skill level 5 in Armour
  5401 | D:8      | Reached skill level 6 in Fighting
  5505 | D:8      | Noticed Pikel
  5563 | D:8      | Killed Pikel
  5564 | D:8      | Reached skill level 7 in Fighting
  5626 | D:8      | Noticed a two-headed ogre
  5636 | D:8      | Killed a two-headed ogre
  5637 | D:8      | Reached skill level 8 in Fighting
  5637 | D:8      | Reached XP level 10. HP: 88/88 MP: 9/9
  5805 | D:8      | Reached skill level 9 in Fighting
  6281 | D:9      | Found a blossoming altar of Fedhas.
  6445 | D:9      | Reached skill level 1 in Shields
  6453 | D:9      | Reached skill level 10 in Fighting
  6585 | D:9      | Found a staircase to the Lair.
  6611 | D:9      | Reached skill level 10 in Armour
  6617 | D:9      | Reached XP level 11. HP: 101/101 MP: 10/10
  6848 | D:9      | Found Qiw Ziwn's Magic Scroll Emporium.
  7061 | D:9      | Noticed a two-headed ogre
  7061 | D:9      | Noticed a two-headed ogre
  7117 | D:9      | Found a bloodstained altar of Trog.
  7117 | D:9      | Noticed Hsik's ghost (novice TrCA)
  7119 | D:9      | Noticed a deep troll
  7127 | D:9      | Found a transporter.
  7134 | D:9      | Found a transporter.
  7182 | D:9      | Found a snail-covered altar of Cheibriados.
  7199 | D:9      | Identified the +9 hand axe of Cunigua {drain, Will+ Int+2}
  7339 | D:10     | Entered Level 10 of the Dungeon
  7530 | D:10     | Noticed a two-headed ogre
  7541 | D:10     | Killed a two-headed ogre
  7542 | D:10     | Reached skill level 11 in Fighting
  7542 | D:10     | Reached skill level 15 in Axes
  7542 | D:10     | Reached skill level 5 in Shields
  7637 | D:10     | Reached ***** piety under Trog
  7864 | D:10     | Noticed a two-headed ogre
  7875 | D:10     | Killed a two-headed ogre
  7947 | D:10     | Found an ornate altar of the Wu Jian Council.
  8291 | D:11     | Found a staircase to the Orcish Mines.
  8416 | D:11     | Noticed Snorg
  8425 | D:11     | Killed Snorg
  8554 | D:11     | Found Xyhaum's Armour Boutique.
  8769 | D:11     | Identified a scroll of acquirement
  8770 | D:11     | Acquired the amulet of Xom's Whimsicality {Reflect ^Contam
                  | rPois Regen+ Int+3 SH+5}
  8815 | D:12     | Reached skill level 12 in Fighting
  8815 | D:12     | Reached XP level 12. HP: 112/112 MP: 11/11
  8998 | D:12     | Found a runed translucent door.
  9000 | D:12     | Found a runed translucent door.
  9000 | D:12     | Noticed Erolcha
  9079 | Orc:1    | Entered Level 1 of the Orcish Mines
  9157 | Orc:2    | Entered Level 2 of the Orcish Mines
  9157 | Orc:2    | Found Qanudgh's Armour Emporium.
  9157 | Orc:2    | Found a staircase to the Elven Halls.
  9197 | Orc:2    | Noticed an orc high priest
  9219 | Orc:2    | Killed an orc high priest
  9494 | Orc:2    | Received a gift from Trog
  9501 | Orc:2    | Noticed an orc warlord
  9519 | Orc:2    | Killed an orc warlord
  9556 | Orc:2    | Noticed an ettin
  9566 | Orc:2    | Killed an ettin
  9567 | Orc:2    | Reached skill level 13 in Fighting
  9668 | Orc:2    | Found Leleli's Magic Scroll Boutique.
  9675 | Orc:2    | Found Xypoan's Distillery.
  9902 | Orc:2    | Noticed an orc high priest
  9930 | Orc:2    | Reached skill level 10 in Shields
  9930 | Orc:2    | Killed an orc high priest
  9931 | Orc:2    | Reached XP level 13. HP: 65/123 MP: 12/12
 10003 | Orc:2    | Reached skill level 14 in Fighting
 10174 | Orc:2    | Found Rooqab's Antique Armour Shoppe.
 10174 | Orc:2    | Found a one-way gate leading to the halls of Pandemonium.
 10174 | Orc:2    | Found Kumy's Book Emporium.
 10621 | Orc:1    | You fall into a shaft and drop 1 floor!
 10725 | Orc:1    | Found Hoipu's Distillery.
 10731 | Orc:1    | Reached ****** piety under Trog
 10781 | Orc:1    | Noticed Jorgrun
 10809 | Orc:1    | Killed Jorgrun
 10983 | Elf:1    | Entered Level 1 of the Elven Halls
 11205 | Lair:1   | Entered Level 1 of the Lair of Beasts
 11219 | Lair:1   | Reached skill level 15 in Fighting
 11341 | Lair:1   | Noticed Fannar
 11351 | Lair:1   | Killed Fannar
 11638 | Lair:1   | Reached skill level 15 in Armour
 11642 | Lair:1   | Received a gift from Trog
 12158 | Lair:2   | You fall into a shaft and drop 2 floors!
 12461 | Lair:4   | Found a staircase to the Slime Pits.
 12471 | Lair:4   | Found a viscous altar of Jiyva.
 12488 | Lair:4   | Identified the +1 robe "Ywoson" {rElec}
 12962 | Lair:3   | Reached XP level 14. HP: 135/135 MP: 13/13
 13435 | Lair:3   | Found a dark tunnel.
 13449 | Volcano  | Entered a volcano
 13728 | Volcano  | Found a burning altar of Makhleb.
 13782 | Volcano  | Identified the +0 helmet of Cheibriados's Regard {Fly Will-
                  | Regen+ Int+3}
 13827 | Volcano  | Reached skill level 16 in Fighting
 14578 | Lair:5   | Entered Level 5 of the Lair of Beasts
 14825 | Lair:5   | Identified the ring of Past Mistakes {rPois rC++ Dex-5
                  | Slay+3}
 15105 | Lair:5   | Noticed Sonja
 15123 | Lair:5   | Killed Sonja
 15151 | Lair:5   | Reached skill level 17 in Fighting
 15250 | Lair:5   | Got an earthy gem with 408 turns to spare
 15333 | Lair:5   | Received a gift from Trog
 15918 | Lair:2   | Found a hole to the Spider Nest.
 15981 | Lair:2   | Reached XP level 15. HP: 147/147 MP: 14/14
 16317 | Lair:2   | Found a staircase to the Shoals.
 16426 | Lair:2   | Found a white marble altar of Elyvilon.
 16641 | Shoals:1 | Entered Level 1 of the Shoals
 16731 | Shoals:1 | Reached skill level 15 in Shields
 16918 | Shoals:1 | Received a gift from Trog
 17878 | Shoals:2 | Reached skill level 18 in Fighting
 18003 | Shoals:2 | Noticed Nikola
 18404 | Shoals:2 | Killed from afar by Nikola

Illustrated notes

Levels and vault maps discovered:
D:1:      saegor_arrival_simple_b, layout_basic
D:2:      layout_rooms, chequers_ecumenical_altar_simple_redux
D:3:      layout_loops_ring, nicolae_concentric_dashed_squares_wild
D:4:      layout_loops_ring, gammafunk_ghost_necromancy, serial_glass,
          glass_columns_b, glass_columns_a
D:5:      layout_basic
D:6:      layout_loops_corners, temple_pool_b
D:7:      layout_cave_pods
D:8:      layout_basic, hangedman_decor_lopped, uniq_pikel
D:9:      cheibrodos_steamvent, layout_stronghold, fedhas_altar_1,
          kennysheep_mini, hellmonk_lair_entry_icy,
          gammafunk_ghost_wrathful_warriors, kennysheep_windowed_goal
D:10:     layout_basic, nicolae_wu_jian_glorious_leap, special_room
          [special_room_orc], the_hattery
D:11:     layout_rooms, orc_0_dummy, serial_shops, nicolae_shop_statue_plus,
          uniq_snorg
D:12:     hellmonk_crumbling_castle, layout_layer_cave,
          gammafunk_ghost_cemetery, mikee_hates_you, uniq_erolcha, uniq_nergalle
Lair:1:   layout_regular_city, evilmike_ambush [evilmike_ambush_outer_basic,
          evilmike_ambush_inner_cross], serial_bayou_shore_a, uniq_fannar
Lair:2:   layout_loops_ring, minmay_shoals_entry_lonely_mermaid,
          nicolae_spider_entry_non_spiders, basic_altar
Lair:3:   layout_cave_pods, nicolae_volcano_entry_lava_flow,
          hellmonk_talismancer
Lair:4:   hellmonk_destroyed_diamonds, layout_loops_ring,
          minmay_slime_entry_jelly_boxes, infiniplex_staircase_pool_2
Lair:5:   evilmike_catoblepas_cave, layout_gridlike, grunt_megastairs_4,
          lemuel_fruit_tree, uniq_sonja
Shoals:1: layout_shoals
Shoals:2: layout_shoals, uniq_nikola
Orc:1:    layout_caves, serial_shops, nicolae_shop_hallway_plus, uniq_jorgrun
Orc:2:    pf_orc_diabolical, layout_caves, portal_ice_cave_entry_imps,
          serial_shops, nicolae_shop_just_a_little_nook
Elf:1:    minmay_guarded_unrand_folly, layout_loops_corners, basic_altar,
          minmay_elf_sorcery

Skill      XL: |  1  2  3  4  5  6  7  8  9 10 11 12 13 14 15 |
---------------+----------------------------------------------+-----
Axes           | 4 5 7 9 11 14 15 16 | 16.0
Fighting       | 8 10 12 13 15 17 18 | 18.2
Armour         | 7 10 11 13 15 17 | 17.8
Shields        | 3 7 10 12 14 15 | 15.6
Dodging        | |  2.1

Action                     |  1- 3 |  4- 6 |  7- 9 | 10-12 | 13-15 || total
---------------------------+-------+-------+-------+-------+-------++-------
  Melee: Hand axe          |    69 |    90 |   215 |       |       ||   374
         Headbutt          |     8 |    14 |    44 |    98 |   213 ||   377
         Punch             |     1 |       |     9 |       |       ||    10
         War axe           |       |       |    17 |   472 |   969 ||  1458
         Battleaxe         |       |       |       |     3 |       ||     3
  Throw: Stone             |       |       |     2 |     7 |    17 ||    26
 Invoke: Trog's Hand       |       |     1 |     3 |     5 |     5 ||    14
         Berserk           |       |     1 |     3 |     5 |     4 ||    13
  Evoke: Wand              |       |       |       |     5 |     1 ||     6
         Tin of tremorston |       |       |       |       |     1 ||     1
    Use: Scroll            |     4 |     4 |     5 |     6 |     7 ||    26
         Potion            |       |       |       |       |     2 ||     2
 Armour: Animal skin       |    17 |       |       |       |       ||    17
         Ring mail         |     4 |       |       |       |       ||     4
         Chain mail        |    31 |    60 |       |       |       ||    91
         Plate armour      |       |       |   162 |   348 |   598 ||  1108
  Dodge: Dodged            |    40 |    34 |    75 |   115 |   182 ||   446
  Block: Kite shield       |       |       |       |   287 |   669 ||   956
         Reflection        |       |       |       |    18 |    29 ||    47
